 Dungeon Crawl Stone Soup version 0.31-a0-431-g88bdf31460 (webtiles) character file.

Game seed: 641539831806257155

7 Maratek the Ruffian (level 1, 22/22 HPs)
             Began as a Troll Monk on July 31, 2023.
             Quit the game on level 1 of the Dungeon.
             The game lasted 00:00:35 (155 turns).

Maratek the Ruffian (Troll Monk)                     Turns: 155, Time: 00:00:36

Health: 22/22      AC:  4    Str: 18    XL:     1   Next: 91%
Magic:  0/0        EV: 10    Int:  6    God:
Gold:   0          SH:  0    Dex: 12    Spells: 0/0 levels left

rFire   . .          .
                       - Unarmed
rCold   . . .        c - orb {light}
rNeg    . . .        a - +0 robe
rPois   .            (helmet restricted)
rElec   .            (no cloak)
rCorr   .            (gloves unavailable)
SInv    .            (boots unavailable)
Will    .....        (no amulet)
Stlth   +            (no ring)
HPRegen 1.03/turn    (no ring)
MPRegen 0.07/turn

%: no passive effects
@: glowing
A: large, unfitting armour, claws 3, regeneration 1, shaggy fur 1, tough skin 1
a: no special abilities


You were on level 1 of the Dungeon.
You visited 1 branch of the dungeon, and saw 1 of its levels.

Inventory:

Armour
 a - a +0 robe (worn)
 c - an orb of light (worn)
Scrolls
 e - a scroll of blinking {unknown}
Potions
 b - a potion of ambrosia
 d - a potion of curing {unknown}


   Skills:
 + Level 2.5 Fighting
 + Level 2.6 Dodging
 + Level 3.1 Unarmed Combat


You couldn't memorise any spells.
You didn't know any spells.
Your spell library was empty.

Dungeon Overview and Level Annotations

Branches:
Dungeon (1/15)

Altars:


Innate Abilities, Weirdness & Mutations

You are too large for most types of armour.
You have claws for hands.
Your natural rate of healing is unusually fast.
You are covered in fur. (AC +1)
You have tough skin. (AC +1)


Message History

You closely miss the jackal.
The jackal bites you but does no damage. x2
You barely miss the jackal. The jackal bites you.
The jackal bites you but does no damage.
The rat bites you. The frilled lizard bites you.
You scratch the jackal.
You kill the jackal!
The jackal closely misses you. The rat bites you but does no damage.
The frilled lizard bites you but does no damage.
The jackal bites you but does no damage.
The jackal bites you. The rat closely misses you.
The frilled lizard barely misses you. The jackal misses you.
The rat closely misses you.
The jackal bites you but does no damage.
The frilled lizard bites you but does no damage.
The jackal closely misses you.
You completely miss the jackal. The jackal closely misses you.
The rat barely misses you.
The frilled lizard bites you but does no damage.
You scratch the jackal.
The jackal is almost dead.
The jackal bites you but does no damage.
The rat bites you but does no damage.
The frilled lizard bites you but does no damage.
The jackal bites you.
You scratch the jackal.
You kill the jackal!
The rat misses you. The frilled lizard barely misses you.
The rat barely misses you. The frilled lizard misses you.
You scratch the frilled lizard.
You kill the frilled lizard!
The rat bites you but does no damage. The rat bites you but does no damage.
The rat closely misses you. The rat bites you but does no damage.
You barely miss the rat. The rat bites you.
You scratch the rat.
You kill the rat!
You see here a rat corpse.
Are you sure you want to abandon this character and quit the game? (Confirm with "yes".)

....#.#
#.#>####
.####.#
#.#....# <# ###
#..###.## ##
##...#..#
###.##.#
##.##.######
##..........##
##............#
#......@.......
#..............
#..........>...
#..............
#..............
##............#
##..........##
############


There were no monsters in sight!

Vanquished Creatures
  A goblin (D:1)
  2 jackals (D:1)
  A ball python (D:1)
  2 frilled lizards (D:1)
  2 rats (D:1)
8 creatures vanquished.

Notes
Turn   | Place    | Note
-------+----------+-------------------------------------------
     0 | D:1      | Maratek the Troll Monk began the quest for the Orb.
     0 | D:1      | Reached XP level 1. HP: 22/22 MP: 0/0
   155 | D:1      | Quit the game

Illustrated notes

Levels and vault maps discovered:
D:1:      minmay_arrival_cross, layout_rooms,
          shapermc_ecumenical_altar_starsandcircs

Action                     || total
---------------------------++-------
  Melee: Unarmed           ||    15
 Armour: Robe              ||    16
  Dodge: Dodged            ||    16

Table legend: (Time is in decaauts)
 A = Elapsed time spent in this place.
 B = Non-inter-level travel time spent in this place.
 C = Inter-level travel time spent in this place.
 D = Time resting spent in this place.
 E = Time spent auto-exploring this place.
 F = Levels seen in this place.
 G = Mean time per level.
                   A        B        C        D        E       F      G
               +--------+--------+--------+--------+--------+-----+--------+
         Total |    154 |    154 |      0 |      0 |     99 |   1 |  154.0 |
       Dungeon |    154 |    154 |      0 |      0 |     99 |   1 |  154.0 |
               +--------+--------+--------+--------+--------+-----+--------+

Top non-repeatable levels by time:
     D:1: 154 daAuts
